Map: Scalo orbitale

Players

Jhyrachy

  • Race: Zerg Zerg

testerino - Winner!

  • Race: Terran Terran
  • League: Silver

VOD

Have the link to the VOD?

Description

Time

  • Played on: Dec. 3, 2015, 1:57 p.m.
  • Length: 8:16
Show
View Real Time Build Order
Export as new Build Order

Jhyrachy Zerg 

Build Orders: Pool First 

Get SALT Encoding   

  12  0:01  Drone  
  13  0:10  Drone  
  14  0:18  Overlord  
  14  0:37  Drone x2  
  16  0:43  Spawning Pool  
  16  0:46  Drone  
  16  0:59  Drone  
  16  1:03  Extractor  
  16  1:06  Drone  
  17  1:17  Hatchery  
  16  1:21  Drone  
  17  1:27  Overlord  
  17  1:38  Queen  
  19  1:43  Drone  
  20  2:22  Metabolic Boost  
  20  2:33  Drone  
  20  2:35  Zergling x4  
  20  2:36  Zergling x2  
  24  2:39  Queen  
  26  3:21  Lair  
  26  3:24  Drone x2  
  26  3:26  Drone x3  
  31  3:28  Zergling x10  
  35  3:54  Overlord x3  
  35  4:19  Pneumatized Carapace  
  35  4:35  Evolution Chamber  
  34  4:43  Zergling x2  
  34  4:44  Zergling x24  
  47  5:14  Drone x3  
  47  5:16  Zergling x2  
  47  5:17  Zergling x6  
  54  5:44  Zergling x2  
  54  5:45  Zergling x8  
  54  5:48  Hatchery  
  58  6:07  Overlord  
  58  6:08  Overlord x2  
  58  6:25  Queen  
  59  7:20  Zergling x14  
  59  7:21  Zergling x2  
  49  7:35  Zergling x2  
Show
View Real Time Build Order
Export as new Build Order

testerino Terran - Winner!

Build Orders:  

Get SALT Encoding   

  12  0:01  SCV  
  13  0:18  Supply Depot  
  13  0:25  SCV  
  14  0:37  SCV  
  14  0:42  Barracks  
  15  0:54  Supply Depot  
  15  1:01  SCV  
  16  1:13  SCV  
  17  1:30  Orbital Command  
  17  1:37  Command Center  
  17  1:38  Marine  
  18  1:47  Refinery  
  18  1:56  Marine  
  19  2:02  Refinery  
  19  2:07  SCV  
  20  2:32  Marine  
  21  2:38  Engineering Bay  
  21  2:49  Orbital Command  
  21  2:56  Factory  
  21  2:57  SCV  
  22  3:09  SCV  
  22  3:12  Barracks Reactor  
  23  3:19  SCV  
  24  3:21  Refinery  
  24  3:22  SCV  
  25  3:27  Supply Depot  
  25  3:36  SCV x2  
  27  3:43  Factory  
  27  3:44  Factory Tech Lab  
  27  3:48  Marine  
  27  3:49  Marine  
  27  3:53  SCV x2  
  31  4:09  Marine x2  
  33  4:14  Siege Tank  
  36  4:24  SCV x2  
  36  4:28  Factory Reactor  
  38  4:34  Supply Depot  
  38  4:35  Supply Depot  
  38  4:41  Armory, SCV x2  
  38  4:43  Marine  
  38  4:44  Marine  
  42  5:01  Siege Tank  
  42  5:04  Marine x2  
  42  5:06  Hellion x2  
  51  5:11  SCV x2  
  53  5:19  Refinery  
  53  5:23  Marine x2  
  53  5:28  Hellion  
  57  5:33  Siege Tank  
  60  5:39  Supply Depot  
  60  5:42  Supply Depot  
  60  5:53  Hellion x2  
  64  6:05  Siege Tank  
  67  6:12  Marine x2  
  67  6:15  Hellion x2  
  67  6:17  SCV  
  67  6:18  SCV  
  75  6:23  Supply Depot  
  69  6:37  Siege Tank  
  44  7:14  Orbital Command  
  44  7:15  Orbital Command  
  44  7:39  Marine x2  
  44  7:41  Siege Tank  
  48  7:56  Marine  
  49  7:59  SCV x2  
Tags
 
Add a new tag
Caveats
  • Supply blocks, unpowered buildings, or Contaminate may cause inaccurate times.
  • Supply counts are checked every 10 seconds.